 Dungeon Crawl Stone Soup version 0.30-a0-576-g89cddaab80 (webtiles) character file.

Game seed: 13855531190473453860

51 Bnni the Vexing (level 4, -6/32 HPs)
             Began as a Formicid Hexslinger on Dec 31, 2022.
             Mangled by Crazy Yiuf
             ... wielding a +4 quarterstaff of chaos
              (7 damage)
             ... on level 2 of the Dungeon.
             The game lasted 00:07:13 (1284 turns).

Bnni the Vexing (Formicid Hexslinger)               Turns: 1284, Time: 00:07:14

Health: -6/32      AC:  2    Str: 15    XL:     4   Next: 7%
Magic:  1/6        EV: 17    Int: 14    God:
Gold:   103        SH:  0    Dex: 14    Spells: 2/6 levels left

rFire   . . .      SeeInvis +    a - +1 sling
rCold   . . .      Faith    .    (no shield)
rNeg    . . .      Spirit   .    c - +0 robe
rPois   .          Reflect  .    (helmet unavailable)
rElec   .          Harm     .    (no cloak)
rCorr   .          Rampage  .    (no gloves)
Will    .....                    (no boots)
Stlth   +                        (no amulet)
HPRegen 0.25/turn                (no ring)
MPRegen 0.10/turn                (no ring)

@: agile
A: permanent stasis, dig shafts and tunnels, antennae 3, four strong arms
a: Dig, Shaft Self


You were on level 2 of the Dungeon.
You visited 1 branch of the dungeon, and saw 2 of its levels.

You collected 103 gold pieces.

Inventory:

Hand Weapons
 a - a +1 sling (weapon)
Armour
 c - a +0 robe (worn)
 i - a +0 kite shield
Scrolls
 b - a scroll of poison
 d - 4 scrolls of identify
 e - 2 scrolls of magic mapping {unknown}
 f - a scroll of enchant armour {unknown}
 k - a scroll of teleportation {unknown}
 l - a scroll of enchant weapon
Potions
 g - a potion of heal wounds
 h - a potion of brilliance {unknown}
 j - a potion of curing {unknown}


   Skills:
 + Level 1.5 Fighting
 * Level 2.6 Ranged Weapons
 - Level 1.7 Dodging
 + Level 0.5 Shields
 + Level 1.5 Spellcasting
 * Level 4.3 Hexes
 + Level 0.8 Fire Magic


You had 2 spell levels left.
You knew the following spells:

 Your Spells              Type           Power      Damage    Failure   Level
a - Slow                  Hex            52%        N/A       4%          1
b - Inner Flame           Hex/Fire       8%         N/A       26%         3

Your spell library contained the following spells:

 Spells                   Type           Power      Damage    Failure   Level
 Portal Projectile        Hex/Tloc       14%        N/A       30%         3
 Cause Fear               Hex            6%         N/A       38%         4


Dungeon Overview and Level Annotations

Branches:
Dungeon (2/15)

Altars:

Annotations:
D:2 Crazy Yiuf


Innate Abilities, Weirdness & Mutations

You cannot be hasted, slowed, berserked, paralysed or teleported.
You can dig through walls and to a lower floor.
You have a pair of large antennae on your head. (SInv)
Your four strong arms can wield two-handed weapons with a shield.


Message History

Confirm with . or Enter, or press ? or * to list all spells.
The spell is quite dangerous to miscast (26% risk of failure)!
Continue anyway?
Aiming: Inner Flame (quite dangerous; 26% risk of failure)
Press: ? - help, Dir - move target, f/p - Crazy Yiuf
Aim: Crazy Yiuf, wielding a +4 quarterstaff of chaos and wearing a +0 cloak (chance to affect: 64%) Crazy Yiuf is filled with an inner flame.
Crazy Yiuf laughs, "Liver!"
Fire: a) +1 sling
Press: ? - help, Shift-Dir - straight line, f/p - Crazy Yiuf
Aim: Crazy Yiuf, wielding a +4 quarterstaff of chaos and wearing a +0 cloak (inner flame, 61% to hit)
You shoot a sling bullet.
The sling bullet completely misses Crazy Yiuf.
Crazy Yiuf yells, "Prologue sizzlefizz action!"
Press: ? - help, v - describe, . - travel
Here: Crazy Yiuf, wielding a +4 quarterstaff of chaos and wearing a +0 cloak (inner flame)
The floor.
Okay, then.
Okay, then.
Casting: Inner Flame (quite dangerous; 26% risk of failure)
Confirm with . or Enter, or press ? or * to list all spells.
You don't have enough magic to cast this spell.
It was a potion of heal wounds.
You feel much better. Crazy Yiuf barely misses you.
As you read the scroll labelled ULYIBB LOLUGGAWO, it crumbles to dust.
It is a scroll of identify.
l - a scroll of enchant weapon Crazy Yiuf says, "Mama arm testudinal!"
Crazy Yiuf hits you with a +4 quarterstaff of chaos!
You shoot a sling bullet. The sling bullet hits Crazy Yiuf.
Flame seeps out of Crazy Yiuf.
Crazy Yiuf is lightly wounded.
Crazy Yiuf is engulfed in blazing flames.
Flame seeps out of Crazy Yiuf.
Crazy Yiuf whimpers, "Tonal!
Proton bush aubergine."
Crazy Yiuf closely misses you. Crazy Yiuf attacks as you move away!
Crazy Yiuf hits you with a +4 quarterstaff of chaos!
* * * LOW HITPOINT WARNING * * *
Space warps around you!
You die...

......##.......####
......##......##
......##......#
..######....†## ..#
#.....######
..######..........#
..+...##......###.##
).###.#####+#.###..##
..# #.# #.......@g..#
..# #.#
#.#.######..##
..###.# #)#.# #....#
).....# #...# #....#
####..# #...# ##...#
.# #..# ##..## ##.##
.###..####...# ##.#
......##...### #.##
###..†.......# ##g#


You could see Crazy Yiuf (inner flame).

Vanquished Creatures
  An adder (D:2)
  A dart slug (D:1)
  2 ball pythons (D:1)
  2 endoplasms
  A giant cockroach (D:2)
  2 goblins
  5 hobgoblins
  8 jackals (D:2)
  A quokka (D:2)
  3 bats
  A frilled lizard (D:1)
  4 kobolds
  4 rats
35 creatures vanquished.

Notes
Turn   | Place    | Note
-------+----------+-------------------------------------------
     0 | D:1      | Bnni the Formicid Hexslinger began the quest for the Orb.
     0 | D:1      | Reached XP level 1. HP: 15/15 MP: 2/2
   218 | D:1      | Reached XP level 2. HP: 21/21 MP: 3/3
   509 | D:1      | Reached skill level 4 in Hexes
   810 | D:2      | Reached XP level 3. HP: 26/26 MP: 5/5
   825 | D:2      | Learned a level 3 spell: Inner Flame
  1124 | D:2      | Reached XP level 4. HP: 32/32 MP: 6/6
  1260 | D:2      | Found a runed translucent door.
  1261 | D:2      | Noticed Crazy Yiuf
  1284 | D:2      | HP: 1/32 [Crazy Yiuf/+4 quarterstaff of chaos (11)]
  1284 | D:2      | Mangled by Crazy Yiuf

Illustrated notes

Levels and vault maps discovered:
D:1:      giann_horns, layout_basic
D:2:      layout_basic, uniq_crazy_yiuf_cottage

Skill      XL: |  1  2 |
---------------+-------+-----
Hexes          | 4 |  4.3
Fighting       | |  1.5
Ranged Weapons | |  2.6
Dodging        | |  1.7
Shields        | |  0.5
Spellcasting   | |  1.5
Fire Magic     | |  0.8

Action                   |  1- 3 |  4- 6 || total
-------------------------+-------+-------++-------
 Fire: Sling             |    95 |     5 ||   100
 Cast: Slow              |     1 |     4 ||     5
       Inner Flame       |       |     1 ||     1
  Use: Scroll            |       |     1 ||     1
       Potion            |       |     1 ||     1
Armor: Robe              |    11 |       ||    11
Dodge: Dodged            |    25 |     3 ||    28

Table legend: (Time is in decaauts)
 A = Elapsed time spent in this place.
 B = Non-inter-level travel time spent in this place.
 C = Inter-level travel time spent in this place.
 D = Time resting spent in this place.
 E = Time spent auto-exploring this place.
 F = Levels seen in this place.
 G = Mean time per level.
                   A        B        C        D        E       F      G
               +--------+--------+--------+--------+--------+-----+--------+
         Total |   1311 |   1295 |     16 |     29 |   1036 |   2 |  655.5 |
       Dungeon |   1311 |   1295 |     16 |     29 |   1036 |   2 |  655.5 |
               +--------+--------+--------+--------+--------+-----+--------+

Top non-repeatable levels by time:
     D:1: 778 daAuts
     D:2: 533 daAuts
